 Dungeon Crawl Stone Soup version 0.25.0-8-gfd19cd77bd (webtiles) character file.

Game seed: 15582654899378448060

2374 Delamore the Basher (level 9, -4/51 HPs)
             Began as a Gargoyle Fighter on June 16, 2020.
             Splashed by a big kobold's acid (13 damage)
             ... on level 7 of the Dungeon.
             The game lasted 00:06:25 (6759 turns).

Delamore the Basher (Gargoyle Fighter)              Turns: 6759, Time: 00:06:26

Health: -4/51      AC:  8    Str: 23    XL:     9   Next: 45%
Magic:  9/9        EV:  8    Int:  9    God:
Gold:   132        SH:  9    Dex:  9    Spells: 8/8 levels left

rFire    + . .     SeeInvis .   B - +0 flail (venom)
rCold    + . .     Gourm    .   c - +0 kite shield
rNeg     + . .     Faith    .   n - +3 ring mail
rPois    ∞         Spirit   .   (no helmet)
rElec    +         Reflect  .   q - scarf {rC+ rF+}
rCorr    .         Harm     .   (no gloves)
MR       .....                  e - +0 pair of boots
Stlth    +.........             (no amulet)
HPRegen  0.17/turn              (no ring)
MPRegen  0.11/turn              A - ring of stealth

@: corroded
A: negative energy resistance 1, electricity resistance, unbreathing,
petrification resistance, rot immunity, AC +6
a: no special abilities


You were on level 7 of the Dungeon.
You were hungry.

You visited 1 branch of the dungeon, and saw 7 of its levels.

You collected 289 gold pieces.
You spent 157 gold pieces at shops.

Inventory:

Hand Weapons
 a - a +0 flail
 B - a +0 flail of venom (weapon)
 G - a +0 morningstar
Missiles
 H - a throwing net (quivered)
Armour
 b - a +0 scale mail
 c - a +0 kite shield (worn)
 e - a +0 pair of boots (worn)
 n - a +3 ring mail (worn)
 q - a scarf of resistance (worn)
Jewellery
 h - an uncursed ring of magical power
 A - a ring of stealth (right hand)
Wands
 t - a wand of iceblast (9)
 z - a wand of clouds (4)
 I - a wand of polymorph (5)
 J - a wand of flame (21)
Scrolls
 j - 5 scrolls of identify
 k - 6 scrolls of remove curse
 l - 4 scrolls of magic mapping
 m - a scroll of enchant weapon {unknown}
 o - a scroll of enchant armour {unknown}
 p - 4 scrolls of fear {unknown}
 s - a scroll of amnesia
 w - 4 scrolls of blinking {unknown}
 y - 2 scrolls of teleportation
 K - 4 scrolls of fog
 M - a scroll of immolation
 N - a scroll of random uselessness
Potions
 d - a potion of might
 g - a potion of mutation
 i - 2 potions of invisibility {unknown}
 r - 2 potions of haste {unknown}
 u - 4 potions of cancellation {unknown}
 v - a potion of brilliance
 x - 2 potions of resistance {unknown}
 C - 2 potions of flight {unknown}
 D - a potion of magic
 E - a potion of curing
 L - a potion of degeneration
Comestibles
 f - 13 rations


   Skills:
 - Level 3.2 Fighting
 + Level 12.2 Maces & Flails
 - Level 3.2 Armour
 - Level 3.2 Shields


You had 8 spell levels left.
You didn't know any spells.
Your spell library contained the following spells:

 Spells                   Type           Power        Failure   Level  Hunger
 Confusing Touch          Hex            #.......     100%        3    ####...
 Gell's Gravitas          Tloc           #.........   100%        3    ####...
 Petrify                  Tmut/Erth      #.......     100%        4    #####..
 Metabolic Englaciation   Hex/Ice        #.........   100%        5    ######.
 Yara's Violent Unravell  Hex/Tmut       #.........   100%        5    ######.


Dungeon Overview and Level Annotations

Branches:
Dungeon (7/15)
 Temple: D:4-7

Altars:
Ashenzari
Elyvilon
Nemelex Xobeh
Qazlal
Trog
Uskayaw
Vehumet
Wu Jian
Yredelemnul
Zin
The Shining One

Shops:
D:2 *   D:4 ?   D:6 ?!

Annotations:
D:7 releu's ghost, novice TrWr


Innate Abilities, Weirdness & Mutations

You are resistant to torment.
Your stone body is resilient. (AC +6)
You are immune to poison.
You resist negative energy. (rN+)
You are resistant to electric shocks. (rElec)
You can survive without breathing.
You are immune to petrification.
You are immune to rotting.


Message History

You closely miss the big kobold.
The big kobold is heavily wounded.
You are feeling hungry.
The big kobold hits you but does no damage.
You sock the big kobold!
You kill the big kobold!
Releu's ghost screams at you, "You cannot imagine the pain and torment in store for you!"
You hit the big kobold but do no damage.
The big kobold hits you but does no damage.
You hit the big kobold.
The big kobold is lightly wounded.
The big kobold zaps a wand.
The bolt of acid hits you. The acid corrodes you!
You are splashed with acid!
You sock the big kobold!
The big kobold looks as sick as possible!
The big kobold is severely wounded.
The big kobold zaps a wand.
The bolt of acid hits you!!
* * * LOW HITPOINT WARNING * * *
The acid corrodes you!
You are splashed with acid!
You die...

... #.# ... #.#
.<.###### #.#### .
........###....###.
..
.............#.....
...
........###....#
.... .....####
#....# ..... ...#<#
###...K###......
...#.# #.....KK@(#
...#.# #.##'''##(#
.....# ###...WK###
#.#### #.#...#.# ..
#⌠.#.#.⌠# #.
#.#...#.# ##.....##
##$??##


You could see 4 big kobolds and releu's ghost.

Vanquished Creatures
  Edmund (D:5)
  An orc warrior (D:6)
  4 centaurs
  An ogre (D:6)
  Blork the orc (D:6)
  A bullfrog (D:6)
  5 big kobolds (D:7)
  3 scorpions
  An electric eel (D:6)
  A howler monkey (D:5)
  2 crimson imps (D:6)
  A quasit (D:6)
  A bullfrog zombie (D:5)
  A centaur zombie (D:5)
  A hound (D:6)
  3 orc wizards
  Crazy Yiuf (D:2)
  2 centaur skeletons (D:6)
  An iguana (D:6)
  Ijyb (D:5)
  Natasha (D:4)
  4 worker ants
  3 hound skeletons
  8 adders
  2 howler monkey skeletons
  4 gnolls (D:6)
  2 shadow imps (D:6)
  An adder zombie (D:6)
  2 worms (D:3)
  2 dart slugs
  7 leopard geckos
  15 orcs
  7 bats
  3 goblins
  3 hobgoblins
  6 jackals
  8 kobolds
  5 quokkas
  9 frilled lizards
  A quokka skeleton (D:5)
  3 rats
129 creatures vanquished.

Notes
Turn   | Place    | Note
-------+----------+-------------------------------------------
     0 | D:1      | Delamore the Gargoyle Fighter began the quest for the Orb.
     0 | D:1      | Reached XP level 1. HP: 14/14 MP: 1/1
    42 | D:1      | Reached XP level 2. HP: 16/19 MP: 2/2
   374 | D:1      | Reached skill level 3 in Maces & Flails
   856 | D:2      | Reached XP level 3. HP: 23/23 MP: 3/3
   891 | D:2      | Found a glowing golden altar of the Shining One.
   893 | D:2      | Found a shattered altar of Ashenzari.
   893 | D:2      | Found a sparkling altar of Nemelex Xobeh.
   893 | D:2      | Found a basalt altar of Yredelemnul.
  1257 | D:2      | Found Zin's Purification Station.
  1260 | D:2      | Found a glowing silver altar of Zin.
  1280 | D:2      | Reached skill level 4 in Maces & Flails
  1933 | D:2      | Found a runed translucent door.
  1934 | D:2      | Noticed Crazy Yiuf
  2160 | D:2      | Reached XP level 4. HP: 27/28 MP: 4/4
  2309 | D:2      | Killed Crazy Yiuf
  2586 | D:3      | Reached skill level 5 in Maces & Flails
  2586 | D:3      | Reached XP level 5. HP: 28/32 MP: 5/5
  2964 | D:3      | Found a white marble altar of Elyvilon.
  3660 | D:4      | Reached skill level 6 in Maces & Flails
  3660 | D:4      | Reached XP level 6. HP: 34/37 MP: 6/6
  4070 | D:4      | Noticed Natasha
  4077 | D:4      | Killed Natasha
  4112 | D:4      | Found a stormy altar of Qazlal.
  4300 | D:4      | Reached skill level 7 in Maces & Flails
  4534 | D:4      | Found Tothro Bomuoq's Magic Scroll Shoppe.
  4573 | D:5      | Entered Level 5 of the Dungeon
  4620 | D:5      | Noticed Edmund
  4643 | D:5      | Killed Edmund
  4643 | D:5      | Reached XP level 7. HP: 35/41 MP: 7/7
  4820 | D:5      | Reached skill level 8 in Maces & Flails
  5074 | D:5      | Noticed Ijyb
  5083 | D:5      | Reached skill level 9 in Maces & Flails
  5083 | D:5      | Reached XP level 8. HP: 28/46 MP: 8/8
  5091 | D:5      | Killed Ijyb
  5702 | D:6      | Found a hide-covered altar of Uskayaw.
  5702 | D:6      | Noticed a +0 dagger
  5703 | D:6      | Noticed a +0 dagger
  5761 | D:6      | Reached skill level 10 in Maces & Flails
  5834 | D:6      | Found Xewkiv's Distillery.
  5869 | D:6      | Noticed Blork the orc
  5877 | D:6      | Killed Blork the orc
  5945 | D:6      | Reached skill level 11 in Maces & Flails
  5945 | D:6      | Reached XP level 9. HP: 37/51 MP: 9/9
  5946 | D:6      | Found a radiant altar of Vehumet.
  6024 | D:6      | Found a bloodstained altar of Trog.
  6419 | D:6      | Bought a potion of degeneration for 15 gold pieces
  6446 | D:6      | Found Kasugry's Magic Scroll Shop.
  6449 | D:6      | Bought a scroll of remove curse for 33 gold pieces
  6449 | D:6      | Bought a scroll of fog for 22 gold pieces
  6449 | D:6      | Bought a scroll of magic mapping for 38 gold pieces
  6449 | D:6      | Bought a scroll of immolation for 38 gold pieces
  6449 | D:6      | Bought a scroll of random uselessness for 11 gold pieces
  6588 | D:6      | Found an ornate altar of the Wu Jian Council.
  6712 | D:7      | Found a runed translucent gate.
  6712 | D:7      | Found a runed translucent gate.
  6712 | D:7      | Found a runed translucent gate.
  6712 | D:7      | Noticed releu's ghost (novice TrWr)
  6737 | D:7      | Reached skill level 12 in Maces & Flails
  6759 | D:7      | Splashed by a big kobold's acid

Illustrated notes

Levels and vault maps discovered:
D:1:      psy_arrival_terrarium, layout_basic
D:2:      layout_basic, chequers_temple_overflow_statue_of_worship, zin_purify,
          uniq_crazy_yiuf_cottage
D:3:      layout_basic, elyvilon_altar_3
D:4:      layout_gridville, kennysheep_little_box, first_ration, serial_shops,
          kennysheep_mini_moat, grunt_ministairs_12, uniq_natasha
D:5:      layout_basic, grunt_decor_arrowhead, uniq_edmund, uniq_ijyb
D:6:      layout_loops_ring, marbit_many_paths, grunt_temple_overflow_open,
          dancing_weapons_uskayaw, serial_shops, nicolae_shop_behind_doors,
          nicolae_shop_waterfront, serial_bayou_ford_a, uniq_blork_the_orc
D:7:      layout_loops_cross, minmay_temple_entry_glassed_door,
          gammafunk_ghost_nasty_kobolds

Skill      XL: |  1  2  3  4  5  6  7  8  9 |
---------------+----------------------------+-----
Maces & Flails | 3 4 5 6 7 9 11 12 | 12.2
Fighting       | |  3.2
Armour         | |  3.2
Shields        | |  3.2

Action                   |  1- 3 |  4- 6 |  7- 9 || total
-------------------------+-------+-------+-------++-------
Melee: Flail             |   125 |   271 |   220 ||   616
  Use: Scroll            |       |       |     7 ||     7
 Stab: Sleeping          |       |       |     2 ||     2
  Eat: Chunk             |     4 |     8 |     7 ||    19
Armor: Scale mail        |    42 |       |       ||    42
       Ring mail         |    14 |   188 |    93 ||   295
       Skin              |       |       |     7 ||     7
Dodge: Dodged            |    46 |   124 |    52 ||   222
Block: Kite shield       |    75 |   185 |    88 ||   348
